 Dungeon Crawl Stone Soup version 0.24.0-10-g970556be89 (webtiles) character file.

Game seed: 18090050905111196653, levelgen mode: deterministic

763 LostNumber the Vandal (level 7, -2/49 HPs)
             Began as an Octopode Hunter on Nov 3, 2019.
             Was a Follower of Trog.
             Splashed by a jelly's acid (6 damage)
             ... on level 5 of the Dungeon.
             The game lasted 00:05:39 (3998 turns).

LostNumber the Vandal (Octopode Hunter)             Turns: 3998, Time: 00:05:39

Health: -2/49      AC: -3    Str: 12    XL:     7   Next: 81%
Magic:  7/7        EV: 19    Int: 14    God:    Trog [*.....]
Gold:   234        SH:  0    Dex: 13    Spells: 6/6 levels left

rFire    . . .     SeeInvis +   b - +2 dagger (speed)
rCold    . . .     Gourm    .   (no shield)
rNeg     + . .     Faith    .   (helmet restricted)
rPois    .         Spirit   .   (no amulet)
rElec    .         Reflect  .   i - ring of positive energy
rCorr    .         Harm     .   u - +6 ring of evasion
MR       +....                  z - ring of see invisible
Stlth    ++++......             l - ring of protection from magic
HPRegen  0.16/turn              (no ring)
MPRegen  0.10/turn              (no ring)
                                (no ring)
                                (no ring)

@: corroded
A: almost no armour, stealthy swim, amphibious, 8 rings, constrict 8, camouflage
1, gelatinous body 1
a: Berserk, Renounce Religion


You were on level 5 of the Dungeon.
You worshipped Trog.
Trog was aware of your devotion.
You were hungry.

You visited 1 branch of the dungeon, and saw 5 of its levels.

You collected 234 gold pieces.

Inventory:

Hand Weapons
 a - a +1 hunting sling
 b - a +2 dagger of speed (weapon)
   (You found it on level 3 of the Dungeon)
 f - a +3 dagger
   (You took it off a goblin on level 2 of the Dungeon)
 r - a +0 short sword
Missiles
 c - 59 sling bullets
 d - 153 stones (quivered)
 p - 2 throwing nets {!f}
Jewellery
 i - a ring of positive energy (left tentacle)
   (You found it on level 1 of the Dungeon)
 l - a ring of protection from magic (on tentacle)
   (You found it on level 4 of the Dungeon)
 u - a +6 ring of evasion (right tentacle)
   (You found it on level 1 of the Dungeon)
 z - a ring of see invisible (on tentacle)
   (You found it on level 2 of the Dungeon)
Wands
 v - a wand of digging (6)
   (You found it on level 4 of the Dungeon)
 y - a wand of enslavement (6)
   (You found it on level 4 of the Dungeon)
Scrolls
 g - 10 scrolls of identify {unknown}
 h - 2 scrolls of remove curse {unknown}
 n - 2 scrolls of magic mapping {unknown}
 o - 2 scrolls of fear {unknown}
 s - a scroll of enchant weapon {unknown}
 t - 2 scrolls of teleportation {unknown}
 w - a scroll of amnesia {unknown}
Potions
 j - 2 potions of heal wounds {unknown}
 k - 2 potions of flight {unknown}
 m - 2 potions of invisibility {unknown}
 q - a potion of lignification {unknown}
 x - a potion of curing {unknown}
Comestibles
 e - 9 rations {!d}


   Skills:
 + Level 4.5 Fighting
 * Level 7.2 Slings
 - Level 2.0 Dodging
 + Level 5.9 Stealth


You had 6 spell levels left.
You didn't know any spells.
Your spell library was empty.

Dungeon Overview and Level Annotations

Branches:
Dungeon (5/15)
 Temple: D:4-7

Altars:
Fedhas
Okawaru
Qazlal
Sif Muna
Trog
Wu Jian

Annotations:
D:4 2 runed translucent doors, GrandCleric's ghost, amateur MiFi
D:5 1 runed translucent door, NeAGen181's ghost, novice DDNe


Innate Abilities, Weirdness & Mutations

You cannot wear most types of armour.
You are very stealthy in the water. (Stealth+)
You are amphibious.
You can wear up to eight rings at the same time.
You can use your tentacles to constrict eight enemies at once.
Your skin changes colour to match your surroundings (Stealth+).
Your rubbery body absorbs attacks. (AC +1, EV +1)


Message History

No reachable target in view!
h - 2 scrolls labeled FOWAPT INAPEWK (gained 1) No reachable target in view!
No reachable target in view!
No reachable target in view!
Found a robe.
Unknown command.
Unknown command.
Found 24 sling bullets.
No target in view!
No target in view!
You see here a robe.
c - 59 sling bullets (gained 24)
The centaur skeleton is too close now for your liking.
A centaur skeleton is nearby!
No target in view!
No target in view!
A jelly comes into view.
Found a scroll labeled URODGH PIUMN.
Found 9 gold pieces.
You hit the centaur skeleton.
The jelly quivers.
The centaur skeleton hits you.
You hit the centaur skeleton. The centaur skeleton barely misses you.
The jelly hits you.
You are splashed with acid!
You hit the centaur skeleton.
The centaur skeleton closely misses you.
You hit the centaur skeleton. The jelly closely misses you.
The centaur skeleton barely misses you.
You hit the centaur skeleton. You squeeze the centaur skeleton.
The jelly completely misses you.
You hit the centaur skeleton.
You destroy the centaur skeleton!
Trog accepts your kill.
You can now go berserk at will.
You hit the jelly.
Your tentacles burn!
You squeeze the jelly. The jelly closely misses you.
You hit the jelly.
Your tentacles burn!
The jelly hits you.
You are splashed with acid!
* * * LOW HITPOINT WARNING * * *
You hit the jelly but do no damage. The acid corrodes you!
Your tentacles burn!
* * * LOW HITPOINT WARNING * * *
You hit the jelly.
Your tentacles burn!
* * * LOW HITPOINT WARNING * * *
The jelly misses you.
You hit the jelly but do no damage.
Your tentacles burn!
* * * LOW HITPOINT WARNING * * *
The jelly hits you.
* * * LOW HITPOINT WARNING * * *
You are splashed with acid.
You die...

#.
#....####.............#
#.##...##
###...........#
##.#...## #...........#
.....### #......###....
##..## #.....## ##..##
#....# ##....# ... .
.###.## #.....# .....
#..# #.$..?## .....
##.## ##..@J..## ...>.
#..#### #...........
.....
##....###...........
.....
#.................#
.....
#..............####
..... #.............##
..... #..............#
##...
#................. #.##
#.###########..##. #


You could see a jelly.

Vanquished Creatures
  Eustachio (D:4)
  A necrophage (D:4)
  2 ogres
  A scorpion (D:4)
  2 hounds (D:4)
  A centaur skeleton (D:5)
  A worker ant (D:3)
  6 adders
  4 gnolls (D:4)
  An ooze (D:4)
  An adder zombie (D:5)
  An adder skeleton (D:5)
  3 worms (D:2)
  5 dart slugs
  4 leopard geckos
  7 orcs
  2 giant cockroaches
  4 goblins
  9 hobgoblins
  11 jackals
  2 quokkas
  5 bats
  4 frilled lizards
  7 kobolds
  11 rats
96 creatures vanquished.

Notes
Turn   | Place    | Note
-------+----------+-------------------------------------------
     0 | D:1      | LostNumber the Octopode Hunter began the quest for the Orb.
     0 | D:1      | Reached XP level 1. HP: 14/14 MP: 1/1
   280 | D:1      | Reached XP level 2. HP: 19/19 MP: 2/2
   577 | D:1      | You fall into a shaft and drop 1 floor!
   587 | D:2      | Reached XP level 3. HP: 20/25 MP: 3/3
   919 | D:1      | Found an ornate altar of the Wu Jian Council.
  1017 | D:2      | Found a stormy altar of Qazlal.
  1229 | D:2      | Reached XP level 4. HP: 30/30 MP: 4/4
  1418 | D:2      | You fall into a shaft and drop 2 floors!
  1598 | D:4      | Reached skill level 5 in Slings
  1890 | D:3      | Reached XP level 5. HP: 33/36 MP: 5/5
  1955 | D:3      | Found an ornate altar of the Wu Jian Council.
  2180 | D:2      | Noticed a moth of wrath
  2183 | D:2      | Found a bloodstained altar of Trog.
  2247 | D:2      | Became a worshipper of Trog the Wrathful
  2374 | D:2      | Found an iron altar of Okawaru.
  2374 | D:2      | Found a blossoming altar of Fedhas.
  2605 | D:3      | Noticed an ogre
  2725 | D:3      | Killed an ogre
  2725 | D:3      | Reached XP level 6. HP: 42/42 MP: 6/6
  2807 | D:4      | Found a large runed translucent door.
  2809 | D:4      | Found a large runed translucent door.
  2811 | D:4      | Noticed GrandCleric's ghost (amateur MiFi)
  2938 | D:4      | Reached skill level 6 in Slings
  3187 | D:4      | Reached XP level 7. HP: 47/47 MP: 7/7
  3218 | D:4      | Reached skill level 5 in Stealth
  3452 | D:4      | Noticed Eustachio
  3471 | D:4      | Killed Eustachio
  3471 | D:4      | Reached skill level 7 in Slings
  3680 | D:4      | Found a shimmering blue altar of Sif Muna.
  3843 | D:5      | Entered Level 5 of the Dungeon
  3938 | D:5      | Found a runed translucent door.
  3938 | D:5      | Noticed NeAGen181's ghost (novice DDNe)
  3993 | D:5      | Reached * piety under Trog
  3998 | D:5      | Splashed by a jelly's acid

Levels and vault maps discovered:
D:1:      dpeg_arrival_lava_altar, layout_loops_ring
D:2:      layout_loops_ring, grunt_qazlal_sundering,
          gammafunk_temple_overflow_elements, tgw_trog, minmay_pentomino_v4
D:3:      layout_basic, marbit_many_paths
D:4:      layout_basic, kennysheep_mini, ebering_ghost_disaster_area,
          uniq_eustachio
D:5:      layout_layer_cave, first_ration, hellmonk_ghost_happy_afterlife,
          st_stairs_1, uniq_pikel

Skill      XL: |  1  2  3  4  5  6  7 |
---------------+----------------------+-----
Stealth        | 2 3 4 5 |  5.9
Slings         | 5 6 7 |  7.2
Fighting       | 3 4 |  4.5
Dodging        | |  2.0

Action                   |  1- 3 |  4- 6 |  7- 9 || total
-------------------------+-------+-------+-------++-------
Melee: Short sword       |    55 |       |       ||    55
       Constrict         |    19 |    28 |    11 ||    58
       Tentacles         |    15 |    35 |    17 ||    67
       Dagger            |     8 |   154 |    53 ||   215
 Fire: Hunting sling     |     2 |       |       ||     2
 Stab: Sleeping          |     8 |     9 |     2 ||    19
       Distracted        |     1 |       |       ||     1
  Eat: Chunk             |     1 |     6 |     2 ||     9
Armor: Skin              |     4 |     1 |     1 ||     6
Dodge: Dodged            |    30 |   112 |    26 ||   168
